 Dungeon Crawl Stone Soup version 0.26-a0-597-gb535b0901c (webtiles) character file.

Game seed: 3278000119285212695

578 HoaS the Twirler (level 7, -1/52 HPs)
             Began as a Formicid Fighter on Aug 29, 2020.
             Was an Initiate of Makhleb.
             Slain by a scorpion (5 damage)
             ... on level 5 of the Dungeon.
             The game lasted 00:09:28 (3749 turns).

HoaS the Twirler (Formicid Fighter)                 Turns: 3749, Time: 00:09:29

Health: -1/52      AC:  9    Str: 23    XL:     7   Next: 62%
Magic:  7/7        EV:  8    Int:  4    God:    Makhleb [......]
Gold:   265        SH: 12    Dex: 14    Spells: 6/6 levels left

rFire    . . .     SeeInvis +   a - +1 quarterstaff
rCold    . . .     Faith    .   c - +1 kite shield
rNeg     . . .     Spirit   .   b - +0 scale mail
rPois    .         Reflect  .   (helmet unavailable)
rElec    .         Harm     .   o - +0 cloak
rCorr    .                      k - +0 pair of gloves "Ypiogo" {Int-3 Dex+4}
MR       .....                  (no boots)
Stlth    ..........             (no amulet)
HPRegen  0.17/turn              (no ring)
MPRegen  0.10/turn              (no ring)

@: lethally poisoned (-1 -> -9)
A: permanent stasis, dig shafts and tunnels, four strong arms, antennae 3
a: Dig, Shaft Self, Renounce Religion


You were on level 5 of the Dungeon.
You worshipped Makhleb.
Makhleb was noncommittal.
You visited 2 branches of the dungeon, and saw 6 of its levels.

You collected 265 gold pieces.

Inventory:

Hand Weapons
 a - a +1 quarterstaff (weapon)
Armour
 b - a +0 scale mail (worn)
 c - a +1 kite shield (worn)
 k - the +0 pair of gloves "Ypiogo" (worn) {Int-3 Dex+4}
   (You found it on level 4 of the Dungeon)

   It affects your intelligence (-3).
   It affects your dexterity (+4).
 o - a +0 cloak (worn)
Jewellery
 j - an uncursed ring of fire
Wands
 e - a wand of acid (8)
 n - a wand of flame (23)
 p - a wand of iceblast (8)
Scrolls
 f - a scroll of remove curse
 h - 9 scrolls of identify
Potions
 d - a potion of might
 g - 4 potions of curing
 i - 4 potions of lignification
 l - a potion of ambrosia
 m - 3 potions of heal wounds


   Skills:
 - Level 3.2 Fighting
 * Level 6.5 Staves
 - Level 3.2 Armour
 + Level 6.3 Shields


You had 6 spell levels left.
You didn't know any spells.
Your spell library was empty.

Dungeon Overview and Level Annotations

Branches:
Dungeon (5/15)             Temple (1/1) D:4

Altars:
Cheibriados
Dithmenos
Makhleb
Nemelex Xobeh
Okawaru
Qazlal
Trog
Vehumet
Wu Jian
Xom
Zin
The Shining One
Lugonu


Innate Abilities, Weirdness & Mutations

You cannot be hasted, slowed, berserked, paralysed or teleported.
You can dig through walls and to a lower floor.
Your four strong arms can wield two-handed weapons with a shield.
You have a pair of large antennae on your head. (SInv)


Message History

Makhleb accepts your kill.
* * * LOW HITPOINT WARNING * * *
You feel sick.
The scorpion stings you but does no damage.
The giant cockroach bites you but does no damage.
* * * LOW HITPOINT WARNING * * *
You feel sick.
Items here: ( ))) [[[ ††.
* * * LOW HITPOINT WARNING * * *
You feel sick.
* * * LOW HITPOINT WARNING * * *
You feel sick.
You hit the giant cockroach but do no damage.
* * * LOW HITPOINT WARNING * * *
You feel sick. You block the giant cockroach's attack.
The giant cockroach barely misses you.
You closely miss the scorpion.
* * * LOW HITPOINT WARNING * * *
You feel sick. The scorpion stings you.
You die...

........#............. ..
.##...........?...(....
...#..#####.............. $
#.#......##..............
#.#...............>........
...........................
.........................
#..###.................
#.).)s@#.##......##..#.
#####s######.#...# ...
##)#### ###.. .. #.....#
#....## # # #.#!.
##....##.#.### .....
##....................
#..........##.........
##.....)..## .........


You could see a scorpion and a giant cockroach.

Vanquished Creatures
  A centaur (D:5)
  A phantom (D:4)
  A gnoll shaman (D:5)
  2 orc wizards (D:5)
  A bullfrog skeleton (D:4)
  A worker ant (D:4)
  A hound skeleton (D:5)
  A worker ant zombie (D:5)
  Robin (D:3)
  9 gnolls
  5 adders
  An ooze (D:2)
  A worm (D:3)
  3 dart slugs (D:2)
  A leopard gecko (D:3)
  8 orcs
  4 bats
  3 giant cockroaches
  11 goblins
  10 hobgoblins
  2 jackals (D:5)
  2 quokkas
  3 ball pythons
  6 frilled lizards
  10 kobolds
  6 rats
  3 bushes (D:1)
98 creatures vanquished.

Notes
Turn   | Place    | Note
-------+----------+-------------------------------------------
     0 | D:1      | HoaS the Formicid Fighter began the quest for the Orb.
     0 | D:1      | Reached XP level 1. HP: 18/18 MP: 1/1
   234 | D:1      | Reached XP level 2. HP: 24/24 MP: 2/2
   795 | D:2      | Reached XP level 3. HP: 28/29 MP: 3/3
   803 | D:2      | Found an ornate altar of the Wu Jian Council.
   934 | D:2      | Reached XP level 4. HP: 31/35 MP: 4/4
  1102 | D:2      | Found a stormy altar of Qazlal.
  1550 | D:2      | Reached XP level 5. HP: 38/41 MP: 5/5
  1936 | D:3      | Noticed Robin
  2010 | D:3      | Killed Robin
  2010 | D:3      | Reached skill level 5 in Shields
  2081 | D:3      | Found a shimmering altar of Xom.
  2246 | D:3      | You fall into a shaft and drop 1 floor!
  2258 | D:4      | Reached XP level 6. HP: 47/47 MP: 6/6
  2313 | D:4      | Found a radiant altar of Vehumet.
  2345 | D:4      | Got a pair of twisted gloves
  2351 | D:4      | Identified the +0 pair of gloves "Ypiogo" {Int-3 Dex+4}
                  | (You found it on level 4 of the Dungeon)
  2365 | D:4      | Reached skill level 5 in Staves
  2813 | D:4      | Found a staircase to the Ecumenical Temple.
  2822 | Temple   | Entered the Ecumenical Temple
  2865 | Temple   | Became a worshipper of Makhleb the Destroyer
  2904 | D:4      | Noticed a phantom
  2941 | D:4      | Killed a phantom
  3240 | D:5      | Entered Level 5 of the Dungeon
  3350 | D:5      | Reached XP level 7. HP: 48/52 MP: 7/7
  3749 | D:5      | Slain by a scorpion

Illustrated notes

Levels and vault maps discovered:
D:1:      grunt_arrival_crossed_arrows, layout_rooms, serial_forest,
          infiniplex_forest_diagonal, infiniplex_forest_lined_2,
          infiniplex_forest_lined_room_2, infiniplex_forest_end_3,
          infiniplex_forest_end_2, infiniplex_forest_lined_3,
          infiniplex_forest_clump_curved
D:2:      layout_loops_cross, overflow_temple_1_default,
          nicolae_qazlal_general_emergency
D:3:      kennysheep_big_flooded_room, layout_basic, lemuel_round_altar,
          uniq_robin
D:4:      layout_basic, vehumet_crystals, minmay_temple_entry_overgrown
D:5:      layout_cave_pools
Temple:   corrupted_temple

Skill      XL: |  1  2  3  4  5  6  7 |
---------------+----------------------+-----
Shields        | 4 5 6 |  6.3
Staves         | 3 4 5 6 |  6.5
Fighting       | |  3.2
Armour         | |  3.2

Action                   |  1- 3 |  4- 6 |  7- 9 || total
-------------------------+-------+-------+-------++-------
Melee: Quarterstaff      |   233 |   204 |    52 ||   489
 Abil: Dig               |       |     2 |       ||     2
  Use: Scroll            |       |    16 |     1 ||    17
Armor: Scale mail        |    20 |    50 |    24 ||    94
       Chain mail        |       |    12 |       ||    12
Dodge: Dodged            |    20 |    48 |    25 ||    93
Block: Kite shield       |    37 |   106 |    52 ||   195

Table legend: (Time is in decaauts)
 A = Elapsed time spent in this place.
 B = Non-inter-level travel time spent in this place.
 C = Inter-level travel time spent in this place.
 D = Time resting spent in this place.
 E = Time spent auto-exploring this place.
 F = Levels seen in this place.
 G = Mean time per level.
                   A        B        C        D        E       F      G
               +--------+--------+--------+--------+--------+-----+--------+
         Total |   3833 |   3692 |    141 |    723 |   1946 |   6 |  638.8 |
       Dungeon |   3778 |   3637 |    141 |    723 |   1913 |   5 |  755.6 |
        Temple |     55 |     55 |      0 |      0 |     33 |   1 |   55.0 |
               +--------+--------+--------+--------+--------+-----+--------+

Top non-repeatable levels by time:
     D:3: 885 daAuts
     D:1: 832 daAuts
     D:2: 795 daAuts
     D:4: 752 daAuts
     D:5: 511 daAuts
  Temple: 55 daAuts
